 Dungeon Crawl Stone Soup version 0.29.0 (webtiles) character file.

Game seed: 7822080333638950111

377 catcat the Ruffian (level 6, -7/51 HPs)
             Began as a Ghoul Fighter on Sept 2, 2022.
             Killed from afar by an orc wizard (10 damage)
             ... with a puff of flame
             ... on level 6 of the Dungeon.
             The game lasted 00:05:40 (2888 turns).

catcat the Ruffian (Ghoul Fighter)                  Turns: 2888, Time: 00:05:42

Health: -7/51      AC:  3    Str: 22    XL:     6   Next: 73%
Magic:  5/5        EV:  9    Int:  3    God:
Gold:   325        SH:  4    Dex:  8    Spells: 5/5 levels left

rFire   . . .      SeeInvis .     - Unarmed
rCold   + . .      Faith    .   b - +0 buckler
rNeg    + + +      Spirit   .   a - +0 scale mail
rPois   ∞          Reflect  .   (no helmet)
rElec   .          Harm     .   p - +0 cloak
rCorr   .          Rampage  .   (no gloves)
Will    .....                   (no boots)
Stlth   ..........              i - amulet of regeneration
HPRegen 0.00/turn               (no ring)
MPRegen 0.09/turn               (no ring)

@: mighty, corroded, inhibited regen
A: claws 1, cold resistance 1, negative energy resistance 3, inhibited
regeneration, torment resistance 2, devour on kill
a: no special abilities


You were on level 6 of the Dungeon.
You visited 1 branch of the dungeon, and saw 6 of its levels.

You collected 325 gold pieces.

Inventory:

Missiles
 l - 8 poisoned darts
 u - a throwing net
Armour
 a - a +0 scale mail (worn)
 b - a +0 buckler (worn)
 p - a +0 cloak (worn)
Jewellery
 i - an amulet of regeneration (around neck)
Wands
 s - a wand of paralysis (5)
Scrolls
 d - 2 scrolls of enchant weapon (quivered) {unknown}
 e - 2 scrolls of blinking
 f - a scroll of noise {unknown}
 h - 2 scrolls of butterflies
 k - a scroll of immolation {unknown}
 o - a scroll of silence {unknown}
 r - a scroll of teleportation
Potions
 g - 4 potions of curing
 j - 2 potions of attraction
 n - a potion of ambrosia {unknown}
 q - a potion of cancellation {unknown}
 t - a potion of flight {unknown}


   Skills:
 - Level 3.2 Fighting
 - Level 2.6 Armour
 + Level 1.9 Dodging
 - Level 3.2 Shields
 * Level 6.8 Unarmed Combat


You had 5 spell levels left.
You didn't know any spells.
Your spell library contained the following spells:

 Spells                   Type           Power      Damage    Failure   Level
 Scorch                   Fire           0%         2d5       97%         2
 Tukima's Dance           Hex            0%         N/A       99%         3
 Flame Wave               Conj/Fire      0%         2d4       100%        4
 Passage of Golubria      Tloc           0%         N/A       100%        4
 Yara's Violent Unravell  Hex/Tmut       0%         3d3       100%        5
 Summon Cactus Giant      Summ           0%         N/A       100%        6


Dungeon Overview and Level Annotations

Branches:
Dungeon (6/15)             Temple (0/1) D:5

Altars:

Shops:
D:5 ?

Annotations:
D:5 Pikel, Sigmund


Innate Abilities, Weirdness & Mutations

You are immune to poison.
You have sharp fingernails.
Your flesh is cold resistant. (rC+)
You are immune to negative energy. (rN+++)
You do not regenerate when monsters are visible.
You are immune to unholy pain and torment.
You thrive by killing the living.


Message History

You feel much better. The orc closely misses you.
The jelly hits you but does no damage.
The orc wizard points at you and mumbles some strange words.
The magic dart hits you. The iguana bites you.
You scratch the jelly.
Your claws burn!
The jelly is severely wounded.
The orc misses you. The jelly closely misses you.
The orc wizard barely misses you. The iguana completely misses you.
You claw the jelly!
You kill the jelly!
The orc hits you but does no damage.
The orc wizard points at you and mumbles some strange words.
The magic dart hits you! The iguana bites you!
Unknown command.
You scratch the orc but do no damage. You block the orc's attack.
The orc wizard hits you with a +0 dagger.
* * * LOW HITPOINT WARNING * * *
The orc wizard closely misses you. You block the iguana's attack.
Unknown command.
You scratch the iguana but do no damage.
The iguana is moderately wounded.
The orc misses you.
The orc wizard hits you but does no damage.
The orc wizard hits you with a +0 dagger.
* * * LOW HITPOINT WARNING * * *
The iguana completely misses you.
You claw the iguana!
The iguana is almost dead.
The orc hits you with a +0 hand axe.
* * * LOW HITPOINT WARNING * * *
You block the orc wizard's attack. x2; The iguana barely misses you.
Unknown command.
You scratch the iguana.
You kill the iguana!
The orc hits you with a +0 hand axe.
* * * LOW HITPOINT WARNING * * *
The orc wizard hits you but does no damage.
The orc wizard points at you and mumbles some strange words.
The puff of flame hits you!
You die...

.......
.......
.......##
........#
.......[#
........#
......o.#
.....oo@#
......o##
......#
######


You could see 2 orc wizards and 2 orcs.

Vanquished Creatures
  A phantom (D:5)
  A lemure (D:4)
  A scorpion (D:4)
  A jelly (D:6)
  An orc priest (D:3)
  An iguana (D:6)
  An orc wizard (D:3)
  2 adders (D:3)
  4 gnolls (D:5)
  2 dart slugs
  14 orcs
  7 ball pythons
  5 bats
  7 endoplasms
  2 giant cockroaches
  8 goblins
  4 hobgoblins
  4 jackals (D:1)
  2 quokkas
  4 frilled lizards
  6 kobolds
  6 rats
84 creatures vanquished.

Vanquished Creatures (others)
  6 plants (D:5)
6 creatures vanquished.

Grand Total: 90 creatures vanquished

Notes
Turn   | Place    | Note
-------+----------+-------------------------------------------
     0 | D:1      | catcat the Ghoul Fighter began the quest for the Orb.
     0 | D:1      | Reached XP level 1. HP: 19/19 MP: 0/0
    86 | D:1      | Reached XP level 2. HP: 25/26 MP: 1/1
   173 | D:1      | Reached skill level 3 in Unarmed Combat
   319 | D:1      | Reached XP level 3. HP: 31/31 MP: 2/2
   597 | D:1      | Found a faded altar of an unknown god.
  1318 | D:3      | Reached skill level 4 in Unarmed Combat
  1318 | D:3      | Reached XP level 4. HP: 29/38 MP: 3/3
  1671 | D:3      | Reached skill level 5 in Unarmed Combat
  1671 | D:3      | Reached XP level 5. HP: 36/45 MP: 4/4
  2231 | D:4      | Reached skill level 1 in Dodging
  2231 | D:4      | Reached skill level 6 in Unarmed Combat
  2528 | D:5      | Entered Level 5 of the Dungeon
  2589 | D:5      | Reached XP level 6. HP: 45/51 MP: 5/5
  2612 | D:5      | Found a staircase to the Ecumenical Temple.
  2763 | D:5      | Found Okiatut's Magic Scroll Emporium.
  2813 | D:5      | Noticed Pikel
  2870 | D:5      | Noticed Sigmund
  2888 | D:6      | Killed from afar by an orc wizard

Illustrated notes

Levels and vault maps discovered:
D:1:      dpeg_arrival_round_b, layout_loops_ring,
          shapermc_ecumenical_altar_ellora
D:2:      layout_rooms
D:3:      layout_loops_cross
D:4:      nicolae_cairo_tiling_very_big, layout_basic
D:5:      layout_basic, minmay_temple_entry_junction, serial_shops, shop_coins,
          serial_bayou_lagoon_b, uniq_sigmund, uniq_pikel
D:6:      layout_rooms, nicolae_wooded_promenade, uniq_grinder, uniq_maggie

Skill      XL: |  1  2  3  4  5 |
---------------+----------------+-----
Unarmed Combat | 3 4 5 6 |  6.8
Shields        | 3 |  3.2
Dodging        | 1 |  1.9
Fighting       | |  3.2
Armour         | |  2.6

Action                   |  1- 3 |  4- 6 || total
-------------------------+-------+-------++-------
Melee: Unarmed           |   108 |   129 ||   237
  Use: Scroll            |     4 |     3 ||     7
       Potion            |       |     2 ||     2
Armor: Scale mail        |    42 |    43 ||    85
Dodge: Dodged            |    36 |    64 ||   100
Block: Buckler           |    15 |    27 ||    42
